 Dungeon Crawl Stone Soup version 0.31.0-11-ge490571c62 (webtiles) character file.

Game seed: 12603066845937026208

299 qw the Skirmisher (level 6, 0/35 HPs)
             Began as a Deep Elf Hunter on Feb 3, 2024.
             Succumbed to an adder's poison
             ... on level 4 of the Dungeon.
             The game lasted 00:00:11 (2508 turns).

qw the Skirmisher (Deep Elf Hunter)                 Turns: 2508, Time: 00:00:12

Health: 0/35       AC:  6    Str: 10    XL:     6   Next: 13%
Magic:  8/8        EV: 11    Int: 14    God:
Gold:   159        SH:  0    Dex: 18    Spells: 5/5 levels left

rFire   . . .        a - +0 shortbow
rCold   . . .        (shield currently unavailable)
rNeg    + . .        e - +0 ring mail
rPois   .            (no helmet)
rElec   .            (no cloak)
rCorr   .            (no gloves)
SInv    .            k - +0 pair of boots
Will    .....        (no amulet)
Stlth   +            g - ring of positive energy
HPRegen 0.25/turn    (no ring)
MPRegen 0.11/turn

%: no passive effects
@: lethally poisoned (0 -> -1)
A: no striking features
a: no special abilities


You were on level 4 of the Dungeon.
You visited 1 branch of the dungeon, and saw 4 of its levels.

You collected 159 gold pieces.


   Skills:
 - Level 2.0 Fighting
 + Level 9.6 Ranged Weapons
 - Level 2.4 Dodging
 - Level 1.2 Stealth


You had 5 spell levels left.
You didn't know any spells.
Your spell library was empty.

Inventory:

Hand Weapons
 a - a +0 shortbow (weapon)
Armour
 e - a +0 ring mail (worn)
 k - a +0 pair of boots (worn)
Jewellery
 g - a ring of positive energy (left hand)
Wands
 l - a wand of paralysis (10)
Scrolls
 j - a scroll of identify
Potions
 b - a potion of degeneration {unknown}
 d - a potion of brilliance {unknown}
 f - a potion of mutation
 i - a potion of invisibility {unknown}

Dungeon Overview and Level Annotations

Branches:
Dungeon (4/15)
 Temple: D:4-7

Altars:
Dithmenos

Shops:
D:1 :


Message History

You are engulfed in a cloud of soporific spores!
You fall asleep.
The sleepcap releases spores at you!
You wake up.
You shoot an arrow. The arrow hits the sleepcap!
The sleepcap is almost destroyed.
The sleepcap releases spores at you but does no damage.
You shoot an arrow. The arrow hits the sleepcap.
You destroy the sleepcap!
Your surroundings suddenly seem different.
An adder, a jelly and a hound come into view.
Found a stone staircase leading up.
You shoot an arrow. The arrow hits the hound.
The hound barks!
The hound is heavily wounded.
The adder hisses angrily.
The hound barely misses you.
You shoot an arrow. The arrow barely misses the hound.
The jelly hits you but does no damage. The hound bites you but does no damage.
The jelly hits you but does no damage.
You shoot an arrow.
The arrow hits the hound but does no damage.
The hound is heavily wounded.
The hound closely misses you. The hound bites you but does no damage.
The jelly hits you but does no damage.
You shoot an arrow. The arrow misses the hound.
The adder bites you.
You are lethally poisoned!
The adder poisons you! The hound barely misses you.
The adder bites you but does no damage. The hound bites you.
The jelly closely misses you.
You shoot an arrow.
The arrow hits the hound but does no damage.
The hound is heavily wounded.
You feel sick. The hound barely misses you.
The adder bites you but does no damage.
The jelly jiggles.
The jelly hits you but does no damage.
You shoot an arrow. The arrow hits the hound.
The hound is heavily wounded.
You die...

###### #....#
#....# #....#
#....# #....#
###...S##
#....J@h#
...........#
#######.....<.#
#.......#
#......##
#........
.........
.........


You could see a hound, a jelly and an adder.

Vanquished Creatures
  2 bombardier beetles
  An iguana (D:4)
  A sleepcap (D:4)
  Ijyb (D:4)
  4 gnolls (D:4)
  3 adders
  2 ribbon worms
  3 dart slugs
  5 endoplasms
  4 giant cockroaches
  10 goblins
  5 hobgoblins
  2 jackals (D:1)
  11 kobolds
  7 quokkas
  4 ball pythons
  7 bats
  6 frilled lizards
  5 rats
83 creatures vanquished.

Notes
Turn   | Place    | Note
-------+----------+-------------------------------------------
     0 | D:1      | qw the Deep Elf Hunter began the quest for the Orb.
     0 | D:1      | Reached XP level 1. HP: 12/12 MP: 3/3
     0 | D:1      | 0 ||| qw: Version: 0.3-a-158-g18b3111
     0 | D:1      | 0 ||| qw: Game counter: 4161
     0 | D:1      | 0 ||| qw: Melee chars always use a shield: true
     0 | D:1      | 0 ||| qw: God list: Okawaru
     0 | D:1      | 0 ||| qw: Allow faded altars: false
     0 | D:1      | 0 ||| qw: Do Orc after clearing Dungeon:15 true
     0 | D:1      | 0 ||| qw: Do second Lair branch before Depths: true
     0 | D:1      | 0 ||| qw: Lair rune preference: random
     0 | D:1      | 0 ||| qw: Goals: Normal
     0 | D:1      | 0 ||| PLANNING D:1-11
    52 | D:1      | Reached skill level 6 in Ranged Weapons
    52 | D:1      | Reached XP level 2. HP: 16/16 MP: 4/4
   161 | D:1      | Found Ubbot's Book Boutique.
   254 | D:1      | Reached XP level 3. HP: 20/20 MP: 5/5
   485 | D:1      | Found a faded altar of an unknown god.
   486 | D:1      | 486 ||| UPGRADING to +0 ring mail.
   496 | D:1      | 496 ||| DROPPING +0 leather armour.
   497 | D:1      | 497 ||| READING scroll labelled RISTRO WIMAKK.
   497 | D:1      | 497 ||| IDENTIFYING dark potion
   498 | D:1      | 498 ||| READING scroll labelled VEAFEA MAMOGU.
   501 | D:1      | 501 ||| READING scroll labelled EPROUF SIUSIF.
   502 | D:1      | 502 ||| DROPPING scroll of butterflies.
   588 | D:2      | Reached skill level 7 in Ranged Weapons
   792 | D:2      | Reached XP level 4. HP: 25/25 MP: 6/6
   863 | D:2      | Reached skill level 8 in Ranged Weapons
  1081 | D:2      | 1081 ||| READING scroll of identify.
  1081 | D:2      | 1081 ||| IDENTIFYING murky purple potion
  1082 | D:2      | 1082 ||| READING scroll labelled ETZEVU YHOEM.
  1083 | D:2      | 1083 ||| READING scroll labelled QOURHU LUTTIPN.
  1085 | D:2      | 1085 ||| Stepping ~*~*~tactically~*~*~ (cloud).
  1237 | D:3      | Reached XP level 5. HP: 29/29 MP: 7/7
  1952 | D:3      | 1952 ||| UPGRADING to +0 pair of boots.
  1957 | D:3      | 1957 ||| DROPPING +6 ring of intelligence.
  1958 | D:3      | 1958 ||| UPGRADING to ring of positive energy.
  1959 | D:3      | 1959 ||| READING scroll labelled VIPLUT NYLARU.
  1960 | D:3      | 1960 ||| READING scroll labelled YPSEEGR ANOVIA.
  2101 | D:4      | Reached skill level 9 in Ranged Weapons
  2111 | D:4      | Found a shadowy altar of Dithmenos.
  2375 | D:4      | Noticed Ijyb
  2379 | D:4      | Paralysed by Ijyb for 5 turns
  2389 | D:4      | Killed Ijyb
  2390 | D:4      | Reached XP level 6. HP: 27/35 MP: 8/8
  2497 | D:4      | HP: 3/35 [sleepcap (7)]
  2498 | D:4      | 2498 ||| READING scroll of teleportation.
  2499 | D:4      | 2499 ||| DRINKING potion of heal wounds.
  2506 | D:4      | HP: 4/35 [adder (2)]
  2507 | D:4      | HP: 1/35 [poisoned by an adder]
  2508 | D:4      | Succumbed to an adder's poison

Levels and vault maps discovered:
D:1:      orjb1_lava_funnel, layout_rooms, serial_shops, shop,
          shapermc_ecumenical_altar_mp_vishouse
D:2:      layout_basic
D:3:      layout_basic
D:4:      layout_cave_pods, grunt_dithmenos_smoke, serial_co_window_serial,
          co_window_paths_a, co_window_corner_a, co_window_corner_a,
          co_window_paths_a, co_window_paths_a, co_window_corner_a,
          co_window_unsneaky_path_d, co_window_paths_c,
          co_window_of_opportunity_b, co_window_unsneaky_path_c,
          co_window_2corner, co_window_corner_b, co_window_unsneaky_path_b,
          glass_columns_b, glass_columns_b, glass_columns_b, glass_columns_a,
          uniq_ijyb

Skill      XL: |  1  2  3  4  5 |
---------------+----------------+-----
Ranged Weapons | 6 7 8 9 |  9.6
Fighting       | 2 |  2.0
Dodging        | |  2.4
Stealth        | |  1.2

Action                     |  1- 3 |  4- 6 || total
---------------------------+-------+-------++-------
   Fire: Shortbow          |   122 |   136 ||   258
    Use: Scroll            |     3 |     6 ||     9
         Potion            |       |     1 ||     1
 Armour: Leather armour    |     8 |       ||     8
         Ring mail         |     3 |    39 ||    42
  Dodge: Dodged            |    30 |    25 ||    55

Table legend:
 A = Non-vault XP
 B = Vault XP
 C = Vault XP percentage of total XP
 D = Non-vault monster count
 E = Vault monster count
 F = Vault count percentage of total count
                 A         B        C        D         E       F
            +---------+---------+-------+---------+---------+-------
      Total |     392 |      36 |   8.4 |      82 |       1 |   1.2
            +---------+---------+-------+---------+---------+-------
        D:1 |      59 |       0 |   0.0 |      34 |       0 |   0.0
        D:2 |      96 |       0 |   0.0 |      21 |       0 |   0.0
        D:3 |      98 |       0 |   0.0 |      17 |       0 |   0.0
        D:4 |     139 |      36 |  20.6 |      10 |       1 |   9.1
            +---------+---------+-------+---------+---------+-------
